Map: Abyssal Reef LE

Players

Whiskydog - Winner!

  • Race: Terran Terran
  • League: Silver
  • Spawn Location: 11:00

LAD

  • Race: Terran Terran
  • League: Silver
  • Spawn Location: 5:00

VOD

Have the link to the VOD?

Description

Time

  • Played on: June 11, 2017, 12:04 a.m.
  • Length: 14:09
Show
View Real Time Build Order
Export as new Build Order

Whiskydog Terran - Winner!

Build Orders: MMM Bio 

Get SALT Encoding   

  12  0:02  SCV  
  13  0:16  Supply Depot  
  13  0:18  SCV  
  14  0:26  Refinery  
  14  0:39  Barracks  
  14  0:43  SCV  
  15  0:55  SCV  
  16  0:57  Refinery  
  16  1:07  Supply Depot  
  16  1:12  SCV  
  17  1:24  SCV  
  18  1:37  Factory  
  18  1:44  Barracks Tech Lab  
  18  1:54  Orbital Command  
  18  2:04  Marine  
  19  2:09  Stimpack  
  19  2:19  Supply Depot  
  20  2:22  SCV  
  20  2:27  Marine  
  21  2:33  Factory Tech Lab  
  21  2:38  SCV  
  22  2:50  SCV  
  23  3:18  Command Center, SCV  
  24  3:30  SCV  
  24  3:31  Marine  
  26  3:37  Siege Tank  
  29  3:51  Starport  
  29  3:53  SCV  
  30  4:01  Supply Depot  
  30  4:06  Marine  
  31  4:17  SCV  
  31  4:24  Marine  
  32  4:27  Barracks  
  32  4:29  SCV  
  32  4:30  Starport Reactor  
  34  4:34  SCV  
  35  4:41  Refinery  
  35  4:47  SCV  
  35  4:51  Orbital Command  
  36  4:54  Marine  
  36  4:59  Combat Shields  
  37  5:13  Barracks  
  37  5:18  Engineering Bay  
  37  5:22  SCV x2  
  37  5:27  Marine  
  41  5:29  Barracks Reactor  
  41  5:34  SCV x2  
  42  5:39  Medivac x2  
  42  5:41  Siege Tank  
  49  5:52  Barracks  
  49  5:57  Barracks  
  49  6:03  Barracks Reactor  
  49  6:05  Marine x2  
  49  6:09  Marauder  
  53  6:18  Medivac x2  
  55  6:24  Terran Infantry Weapons Level 1  
  57  6:26  Marine x2  
  57  6:31  Marauder, SCV  
  62  6:37  Supply Depot  
  62  6:42  Supply Depot  
  62  6:45  Barracks Reactor  
  62  6:59  Marauder, Marine x4, SCV  
  62  7:01  Barracks Tech Lab  
  69  7:04  Armory  
  69  7:08  SCV  
  69  7:09  Fusion Core  
  70  7:19  SCV  
  70  7:20  Refinery, Marine x4, SCV  
  70  7:21  Marine x2  
  78  7:31  Marauder, SCV  
  78  7:34  Supply Depot  
  78  7:36  Supply Depot  
  83  7:37  Marauder  
  83  7:38  Medivac  
  83  7:42  Marine  
  86  7:56  Medivac, Marine x4, Concussive Shells  
  92  7:59  Marauder  
  92  8:02  Marauder  
  92  8:04  SCV  
  92  8:05  SCV  
  98  8:16  Marine x3, SCV  
  98  8:18  Terran Infantry Armor Level 1  
  102  8:24  Supply Depot  
  102  8:45  Medivac, Marine x3  
  102  8:46  Marauder, SCV  
  110  8:48  Supply Depot  
  110  8:52  Weapon Refit  
  110  8:53  Supply Depot  
  110  9:02  Starport  
  110  9:10  Marauder, Marine x4  
  110  9:11  Marine x2  
  110  9:15  Medivac  
  120  9:17  Medivac  
  120  9:20  Marauder  
  124  9:27  SCV  
  124  9:28  SCV  
  124  9:30  Marine x2  
  128  9:39  Starport Tech Lab  
  128  9:40  SCV x2  
  128  9:43  Marine x2  
  132  10:04  Marine  
  132  10:05  Marine x3  
  136  10:10  Command Center  
  136  10:12  Terran Infantry Weapons Level 2  
  136  10:17  Marine  
  136  10:18  Marine  
  136  10:20  Marauder x2  
  142  10:33  Battlecruiser  
  142  10:34  Marine  
  149  10:42  Supply Depot  
  149  10:46  Supply Depot  
  149  10:49  Supply Depot  
  151  11:04  Marauder  
  151  11:07  Marine x5  
  151  11:08  Marine x2  
  158  11:24  Marine  
  158  11:25  Marine  
  160  11:38  Barracks  
  160  11:41  Starport  
  160  11:43  Barracks, Marine x3  
  160  11:45  Marine x2  
  160  11:46  Marine  
  166  11:47  Marine  
  166  11:50  Planetary Fortress  
  166  11:52  SCV x2  
  169  12:02  Marine x3  
  169  12:04  SCV  
  169  12:07  Battlecruiser  
  165  13:06  Marine x3  
  165  13:07  Marine x2  
  165  13:09  Barracks Reactor  
  165  13:10  Barracks Reactor  
  170  13:27  Marine x3  
  170  13:28  Marine x3  
  170  13:30  Marine  
  170  13:31  Marine  
  178  13:34  Starport Tech Lab  
  178  13:38  Medivac x2  
  188  13:45  Marine  
Show
View Real Time Build Order
Export as new Build Order

LAD Terran 

Build Orders:  

Get SALT Encoding   

  12  0:01  SCV  
  13  0:18  Supply Depot, SCV  
  14  0:30  SCV  
  15  0:42  SCV  
  16  0:44  Barracks  
  16  0:51  Supply Depot  
  16  0:55  SCV  
  17  1:07  SCV  
  17  1:09  Refinery  
  18  1:15  Supply Depot  
  18  1:24  SCV  
  19  1:36  SCV  
  20  1:40  Supply Depot  
  20  1:43  Marine  
  21  1:48  SCV  
  22  2:02  Command Center  
  22  2:07  Marine  
  23  2:12  SCV  
  24  2:23  Engineering Bay  
  24  2:25  Marine  
  25  2:32  Supply Depot  
  25  2:42  Marine  
  25  2:43  Refinery  
  26  2:45  SCV  
  27  2:55  Supply Depot  
  27  3:00  Marine  
  28  3:05  Supply Depot  
  28  3:14  SCV  
  29  3:24  Bunker  
  29  3:26  SCV  
  30  3:32  Bunker  
  30  3:39  SCV  
  30  3:41  Marine  
  31  3:44  Terran Infantry Weapons Level 1  
  31  3:46  SCV  
  33  3:51  SCV  
  34  3:58  SCV  
  34  4:01  Barracks Tech Lab  
  35  4:03  SCV  
  35  4:05  Factory  
  36  4:18  Command Center  
  36  4:20  Marine  
  37  4:30  Barracks  
  37  4:37  SCV  
  38  4:49  SCV  
  38  4:52  Marine  
  40  4:55  Factory Tech Lab  
  40  5:00  Factory  
  40  5:01  SCV  
  40  5:06  Orbital Command  
  41  5:10  Marine  
  41  5:13  SCV  
  43  5:18  Starport  
  43  5:19  Barracks Reactor  
  43  5:25  SCV  
  44  5:31  SCV, Armory  
  45  5:43  SCV  
  45  5:45  Missile Turret  
  45  5:48  Missile Turret x2  
  46  5:55  SCV x2  
  48  6:00  Starport Tech Lab  
  48  6:05  Factory Tech Lab  
  48  6:06  Factory Reactor  
  48  6:07  SCV  
  48  6:08  SCV  
  50  6:13  Starport  
  50  6:18  Cyclone  
  53  6:19  SCV  
  53  6:20  SCV  
  55  6:26  Hyperflight Rotors  
  55  6:32  SCV x2  
  57  6:40  Refinery  
  57  6:44  SCV x2  
  59  7:05  Command Center  
  59  7:12  SCV  
  59  7:15  Refinery  
  60  7:17  Refinery  
  60  7:24  SCV  
  61  7:39  SCV  
  62  7:46  Banshee  
  62  7:48  Starport Tech Lab  
  65  7:51  Marine, SCV  
  65  7:52  Marine x2  
  69  8:03  SCV  
  70  8:06  Command Center  
  70  8:09  Marine x3  
  70  8:11  Terran Vehicle Weapons Level 1  
  70  8:12  Banshee  
  76  8:15  SCV  
  76  8:17  Cyclone  
  80  8:22  Cyclone  
  83  8:27  Marine x3  
  83  8:28  Banshee, SCV  
  90  8:39  SCV  
  91  8:43  Armory  
  91  8:44  SCV  
  91  8:45  Marine x3  
  95  8:50  Terran Infantry Weapons Level 2  
  95  8:51  SCV  
  95  8:53  SCV  
  97  8:56  SCV  
  98  9:03  Marine, SCV  
  98  9:05  SCV  
  98  9:08  SCV  
  102  9:11  Banshee  
  102  9:15  SCV, Orbital Command  
  106  9:17  SCV  
  106  9:18  SCV  
  106  9:20  SCV  
  109  9:27  SCV  
  109  9:29  SCV  
  109  9:30  SCV  
  112  9:32  Missile Turret, SCV  
  112  9:34  Missile Turret  
  113  9:40  Missile Turret  
  113  9:41  SCV  
  113  9:42  SCV  
  115  9:54  SCV, Banshee  
  115  9:59  Command Center, Missile Turret  
  119  10:02  Cyclone x3  
  119  10:04  Refinery  
  119  10:06  SCV  
  129  10:07  Refinery  
  129  10:08  Command Center  
  129  10:12  Terran Vehicle And Ship Armor Level 1  
  129  10:18  Terran Ship Weapons Level 1  
  129  10:33  Marine  
  129  10:34  Marine  
  131  10:54  Supply Depot  
  131  10:55  Supply Depot  
  131  10:56  Supply Depot  
  131  10:58  Supply Depot  
  131  10:59  Supply Depot x2  
  131  11:01  Supply Depot  
  131  11:10  Siege Tank, Marine x3, Banshee x2  
  143  11:12  Planetary Fortress  
  143  11:22  Planetary Fortress  
  143  11:27  Marine x2  
  143  11:28  Marine  
  143  11:31  Terran Infantry Weapons Level 3  
  146  11:37  Cyclone  
  149  11:42  Siege Tank  
  149  11:45  Marine x2  
  149  11:46  Marine  
  155  11:49  Refinery  
  155  11:52  Banshee  
  158  12:04  Cloaking Field, Marine  
  159  12:10  SCV  
  159  12:14  Siege Tank  
  163  12:22  Marine, SCV  
  165  12:34  SCV  
  166  12:46  Siege Tank, SCV  
  155  12:51  Cyclone x2  
  155  12:58  SCV  
  153  13:05  Banshee  
  153  13:06  Banshee  
  157  13:23  Cyclone x2  
  163  13:27  Marine x2  
  165  13:42  Factory Reactor  
  165  13:45  Marine x2  
  165  13:47  Marine  
Tags
 
Composition
MMM Bio
Matchup
TvT
Race
Terran
Replay Pack
SIII
Spawn Locations
Cross Positions
Add a new tag
Caveats
  • Supply blocks, unpowered buildings, or Contaminate may cause inaccurate times.
  • Supply counts are checked every 10 seconds.